 Dungeon Crawl Stone Soup version 0.20.0-15-g7f486f2 (webtiles) character file.

331 Reinor the Ducker (level 6, -4/28 HPs)
             Began as a Spriggan Earth Elementalist on June 10, 2017.
             Slain by a kobold
             ... wielding a +2 whip of electrocution
              (16 damage)
             ... on level 3 of the Dungeon.
             The game lasted 00:07:28 (2574 turns).

Reinor the Ducker (Spriggan Earth Elementalist)     Turns: 2574, Time: 00:07:29

Health: -4/28      AC:  4    Str:  4    XL:     6   Next: 26%
Magic:  14/14      EV: 22    Int: 18    God:
Gold:   134        SH:  0    Dex: 17    Spells: 11/14 levels left

rFire    . . .     SeeInvis +   o - +0 dagger (curse)
rCold    . . .     Gourm    .   (shield restricted)
rNeg     . . .     Faith    .   c - +0 robe
rPois    .         Spirit   .   (helmet restricted)
rElec    .         Reflect  .   (no cloak)
rCorr    .         Harm     .   (gloves unavailable)
MR       +....                  (boots unavailable)
Stlth    ++........             (no amulet)
Regen    0.1/turn               l - +2 ring of protection
MPRegen  0.2/turn               (no ring)

@: lethally poisoned (-4 -> -8), very quick
A: unfitting armour, see invisible, herbivore 3, speed 3, slow metabolism 2
a: no special abilities


You were on level 3 of the Dungeon.
You were not hungry.

You visited 1 branch of the dungeon, and saw 3 of its levels.

You collected 134 gold pieces.

Inventory:

Hand Weapons
 o - a cursed +0 dagger (weapon)
Missiles
 b - 52 stones (quivered)
Armour
 c - a +0 robe (worn)
Jewellery
 l - a +2 ring of protection (left hand)
Scrolls
 a - a scroll of amnesia {unknown}
 f - 2 scrolls of remove curse {unknown}
 h - 2 scrolls of teleportation {unknown}
 i - a scroll of fog {unknown}
 j - a scroll of fear {unknown}
 k - 2 scrolls of magic mapping {unknown}
 p - a scroll of identify {unknown}
Potions
 g - 2 potions of brilliance {unknown}
 n - a potion of flight {unknown}
Books
 e - a book of Geomancy

   Spells                             Type                      Level
   a - Sandblast                      Earth                        1
   b - Passwall                       Transmutation/Earth          2
   c - Stone Arrow                    Conjuration/Earth            3
   d - Petrify                        Transmutation/Earth          4
   e - Lee's Rapid Deconstruction     Earth                        5
Comestibles
 d - 2 bread rations
 m - a royal jelly


   Skills:
 + Level 6.2 Dodging
 - Level 3.0 Stealth
 + Level 4.9 Spellcasting
 - Level 1.3 Transmutations
 + Level 4.3 Earth Magic


You had 11 spell levels left.
You knew the following spells:

 Your Spells              Type           Power        Failure   Level  Hunger
a - Sandblast             Erth           ###...       2%          1    None
b - Passwall              Tmut/Erth      ##........   6%          2    #......


Dungeon Overview and Level Annotations

Branches:
Dungeon (3/15)

Altars:
Cheibriados
Makhleb


Innate Abilities, Weirdness & Mutations

You are very small and have problems with some larger weapons.
You are too small for most types of armour.
You have supernaturally acute eyesight. (SInv)
You are a herbivore.
You cover ground extremely quickly.
You need consume almost no food.


Message History

The kobold unwields an uncursed whip of electrocution.
It stops crackling.
The kobold wields a blowgun.
The kobold shoots a poisoned needle.
The poisoned needle hits you.
You are poisoned.
You feel sick.
Things that are here:
a club; a ring mail; an orc corpse The kobold shoots a poisoned needle.
The poisoned needle closely misses you.
The kobold shoots a poisoned needle.
The poisoned needle completely misses you.
You feel sick.
The kobold shoots a poisoned needle.
The poisoned needle closely misses you.
You miss the kobold.
The kobold unwields an uncursed blowgun.
The kobold wields an uncursed whip of electrocution.
You hear the crackle of electricity.
The kobold hits you with an uncursed whip of electrocution.
You are electrocuted!
Ouch! That really hurt!
You die...

........# ..).....#
#.##....# ..##'####
..#....# ..'....#
..#....# ###+#..
.#.....##########K......
.#..............@.......
.#........()............
##........(.............
#######...(.............
## #................. .#
#................. .#
#.................# .###
#.....####...#####. ...#
#.....# ...#


You could see a kobold.

Vanquished Creatures
  Grinder (D:3)
  The ghost of Reinor the Ducker, a weakling SpEE (D:3)
  Robin (D:2)
  2 adders (D:2)
  2 worms
  2 dart slugs
  2 leopard geckos (D:3)
  3 orcs (D:3)
  9 bats
  3 giant cockroaches
  10 hobgoblins
  6 jackals
  5 frilled lizards
  12 goblins
  2 kobolds
  6 rats
67 creatures vanquished.

Notes
Turn   | Place    | Note
-------+----------+-------------------------------------------
     0 | D:1      | Reinor the Spriggan Earth Elementalist began the quest for the Orb.
     0 | D:1      | Reached XP level 1. HP: 9/9 MP: 5/5
   115 | D:1      | Reached XP level 2. HP: 13/13 MP: 4/7
   120 | D:1      | Learned a level 2 spell: Passwall
   813 | D:1      | Reached skill level 4 in Dodging
  1315 | D:2      | Reached XP level 3. HP: 15/16 MP: 6/8
  1687 | D:2      | Noticed Robin
  1742 | D:2      | Killed Robin
  1742 | D:2      | Reached XP level 4. HP: 21/21 MP: 4/10
  1855 | D:2      | Found a burning altar of Makhleb.
  1943 | D:2      | Found a snail-covered altar of Cheibriados.
  2221 | D:3      | Noticed Grinder
  2228 | D:3      | Killed Grinder
  2228 | D:3      | Reached skill level 6 in Dodging
  2228 | D:3      | Reached XP level 5. HP: 18/24 MP: 4/13
  2228 | D:3      | Reached XP level 6. HP: 21/28 MP: 4/14
  2374 | D:3      | Noticed Reinor's ghost (weakling SpEE)
  2391 | D:3      | Killed Reinor's ghost
  2574 | D:3      | Slain by a kobold

Skill      XL: |  1  2  3  4 |
---------------+-------------+-----
Spellcasting   | 3 4 |  4.9
Earth Magic    | 3 4 |  4.3
Dodging        | 4 6 |  6.2
Stealth        | |  3.0
Transmutations | |  1.3

Action                   |  1- 3 |  4- 6 || total
-------------------------+-------+-------++-------
Melee: Unarmed           |   154 |    18 ||   172
       Dagger            |       |    22 ||    22
 Cast: Sandblast         |    38 |    36 ||    74
       Passwall          |     3 |     2 ||     5
  Use: Potion            |     1 |       ||     1
 Stab: Sleeping          |     2 |     5 ||     7
Armor: Robe              |    21 |     2 ||    23
       Skin              |    29 |       ||    29
Dodge: Dodged            |   159 |    40 ||   199
